Map: King Sejong Station LE

Players

Spec

  • Race: Zerg Zerg
  • League: Master

Miszu - Winner!

  • Race: Terran Terran
  • League: Master

VOD

Have the link to the VOD?

Description

Time

  • Played on: June 26, 2016, 9:18 a.m.
  • Length: 8:48
Show
View Real Time Build Order
Export as new Build Order

Spec Zerg 

Build Orders: Hatch First 

Get SALT Encoding   

  12  0:01  Drone  
  13  0:12  Overlord  
  13  0:18  Drone  
  14  0:30  Drone x2  
  16  0:38  Drone  
  17  0:55  Drone, Hatchery  
  17  0:58  Drone  
  18  1:05  Extractor  
  17  1:13  Spawning Pool  
  17  1:18  Drone  
  17  1:21  Drone  
  18  1:30  Drone  
  19  1:40  Overlord  
  19  1:51  Drone  
  20  1:59  Queen  
  23  2:01  Drone  
  23  2:06  Queen  
  23  2:08  Drone  
  26  2:13  Metabolic Boost  
  26  2:18  Drone x2  
  26  2:21  Drone  
  29  2:32  Spore Crawler  
  29  2:36  Zergling x2, Spore Crawler  
  28  2:37  Zergling x2  
  28  2:44  Extractor  
  27  2:48  Queen  
  27  2:49  Queen  
  32  2:56  Zergling x4  
  32  2:58  Drone  
  36  3:00  Overlord  
  37  3:17  Overlord  
  37  3:25  Drone x8  
  44  3:32  Pneumatized Carapace  
  44  3:46  Drone x2  
  44  3:47  Drone  
  47  3:49  Overlord  
  47  3:51  Drone x5  
  47  3:54  Overlord  
  52  4:03  Hatchery  
  52  4:07  Drone x2  
  52  4:09  Drone  
  54  4:13  Overlord  
  54  4:17  Extractor  
  54  4:18  Extractor  
  54  4:19  Drone  
  54  4:20  Extractor  
  52  4:25  Drone x4  
  52  4:29  Zergling x8  
  60  4:35  Baneling Nest  
  60  4:36  Lair  
  59  4:40  Drone x2  
  61  4:51  Zergling x4  
  55  5:02  Zergling x2  
  55  5:03  Zergling x12  
  50  5:32  Drone x6, Spore Crawler  
  55  5:39  Overseer  
  55  5:54  Spire, Drone  
  52  6:00  Zergling x4  
  52  6:01  Zergling x14  
  54  6:10  Zergling x10  
  41  6:29  Queen  
  39  6:34  Spore Crawler  
  39  6:36  Drone x2  
  39  6:37  Drone  
  40  7:07  Mutalisk x4  
  48  7:10  Drone  
  49  7:28  Drone  
  50  7:39  Drone x3  
  50  7:40  Drone x3  
  50  7:41  Drone  
  50  7:42  Drone x2  
  59  7:48  Mutalisk x2  
  63  7:58  Mutalisk  
  65  8:00  Drone x2  
  67  8:06  Queen  
  67  8:08  Queen  
  71  8:18  Drone x2  
  71  8:19  Drone  
  74  8:21  Overlord x2  
  74  8:24  Extractor  
  74  8:26  Extractor  
Show
View Real Time Build Order
Export as new Build Order

Miszu Terran - Winner!

Build Orders: Reaper Expand 

Get SALT Encoding   

  12  0:02  SCV  
  13  0:14  SCV  
  14  0:17  Supply Depot  
  14  0:26  SCV  
  15  0:39  SCV  
  15  0:40  Barracks  
  16  0:45  Refinery  
  16  0:51  SCV  
  17  1:03  SCV  
  18  1:15  SCV  
  19  1:27  Orbital Command  
  19  1:28  Reaper  
  20  1:42  Command Center  
  20  1:47  Refinery  
  20  1:53  SCV  
  21  2:01  Barracks Reactor  
  21  2:03  Supply Depot  
  21  2:05  SCV  
  22  2:19  SCV  
  22  2:20  Factory  
  23  2:31  SCV  
  24  2:43  SCV  
  25  2:47  Marine  
  25  2:48  Marine  
  27  2:55  SCV  
  27  2:57  Orbital Command  
  28  3:05  Starport, Marine x2  
  28  3:06  Factory Tech Lab  
  28  3:07  SCV, Factory Reactor  
  31  3:19  SCV  
  32  3:23  Marine x2  
  32  3:26  SCV  
  35  3:32  SCV  
  36  3:35  Supply Depot  
  36  3:38  SCV  
  36  3:41  Marine x2  
  36  3:44  SCV  
  39  3:49  Medivac x2  
  39  3:50  SCV, Factory Tech Lab  
  39  3:51  Widow Mine  
  46  3:56  SCV  
  46  3:58  Supply Depot  
  46  4:00  Marine x2  
  46  4:02  SCV, Liberator  
  50  4:03  Supply Depot  
  50  4:06  Liberator  
  50  4:09  SCV  
  51  4:14  SCV  
  52  4:21  SCV  
  59  4:28  SCV  
  60  4:31  Factory Tech Lab  
  60  4:33  SCV  
  60  4:35  Command Center  
  61  4:39  Marine x2  
  61  4:40  SCV  
  64  4:51  Liberator  
  64  4:56  Marine  
  64  5:02  SCV  
  65  5:07  Marine  
  65  5:12  SCV  
  65  5:13  Engineering Bay x2, Barracks x2  
  70  5:22  Marine  
  70  5:24  SCV x2  
  70  5:36  Refinery x2  
  70  5:38  Supply Depot  
  70  5:39  Supply Depot  
  70  5:40  Marine  
  70  5:41  SCV x2  
  70  5:42  Terran Infantry Weapons Level 1, Terran Infantry Armor Level 1  
  73  5:44  Barracks  
  73  5:47  Barracks  
  73  5:53  SCV x2  
  73  5:56  Marine  
  76  5:58  Marine  
  76  6:01  Marine  
  77  6:18  Marine x2  
  78  6:20  Barracks Tech Lab x2  
  78  6:23  Liberator x2  
  78  6:25  Barracks, SCV x2, Orbital Command  
  80  6:26  Barracks  
  80  6:27  Barracks  
  77  6:37  Marine x2  
  81  6:45  Marine  
  88  6:47  Combat Shields  
  86  6:56  Marine  
  86  6:57  Barracks Reactor x2  
  87  7:03  Supply Depot, SCV x2  
  87  7:04  Supply Depot  
  89  7:12  Marine  
  89  7:13  Marine  
  89  7:14  Barracks Reactor  
  89  7:15  SCV x2  
  93  7:18  Barracks Tech Lab  
  93  7:19  Barracks Tech Lab x2  
  93  7:23  Armory  
  93  7:25  Orbital Command  
  93  7:27  SCV x2  
  93  7:29  Marine  
  95  7:30  Marine x2  
  95  7:31  Medivac  
  100  7:37  Supply Depot, Marine x2  
  100  7:38  Supply Depot  
  100  7:39  SCV x2  
  104  7:51  SCV x3  
  105  7:54  Concussive Shells  
  105  7:57  Bunker  
  105  7:58  Supply Depot, Missile Turret  
  107  7:59  Missile Turret  
  107  8:03  SCV x3  
  110  8:08  Marauder x2  
  110  8:12  Refinery  
  116  8:15  SCV x2  
  116  8:18  Marine, Marauder  
  116  8:19  Marine x2  
  121  8:25  Supply Depot  
  121  8:28  Supply Depot x2  
  121  8:33  Supply Depot  
Tags
 
Add a new tag
Caveats
  • Supply blocks, unpowered buildings, or Contaminate may cause inaccurate times.
  • Supply counts are checked every 10 seconds.